 Dungeon Crawl Stone Soup version 0.18.1-48-g4cf74bf (webtiles) character file.

19831 nikopol the Spear-Bearer (level 12, -9/110 HPs)
             Began as a Minotaur Berserker on July 13, 2016.
             Was a High Priest of Trog.
             Mangled by a spiny frog (16 damage)
             ... on level 3 of the Lair of Beasts.
             The game lasted 00:43:37 (13772 turns).

nikopol the Spear-Bearer (Minotaur Berserker)      Turns: 13772, Time: 00:43:38

Health: -9/110     AC: 12    Str: 22    XL:     12   Next: 40%
Magic:  11/11      EV: 21    Int:  4    God:    Trog [*****.]
Gold:   415        SH:  0    Dex: 21    Spells: 0 memorised, 11 levels left

rFire  + + .     SeeInvis +     x - +4 trident
rCold  + . .     Gourm    +     J - +1 leather armour {rC+}
rNeg   . . .     Faith    .     (no shield)
rPois  .         Spirit   .     g - +1 hat {SInv}
rElec  .         Dismiss  .     K - +0 cloak
rCorr  .         Reflect  .     T - +2 pair of gloves {Str+3}
SustAt +         Harm     .     e - +0 pair of boots
MR     +++++                    Y - amulet of Limitation {Gourm rF+ MR+++ Str-4 Stlth+}
Stlth  ++++......               H - ring of Laegix {rF+ MR+ Stlth+}
                                Z - ring "Yggeseu" {SustAt MR- Dex+7}

@: lethally poisoned (-9 -> -9), exhausted, regenerating, slowed, very slow,
almost entirely resistant to hostile enchantments, stealthy
A: retaliatory headbutt, horns 2
a: Berserk, Trog's Hand, Brothers in Arms, Burn Spellbooks, Renounce Religion


You were on level 3 of the Lair of Beasts.
You worshipped Trog.
Trog was extremely pleased with you.
You were very full.

You visited 2 branches of the dungeon, and saw 14 of its levels.

You collected 673 gold pieces.
You spent 258 gold pieces at shops.

Inventory:

Hand Weapons
 c - a +0 shortbow
 x - a +4 trident (weapon)
Missiles
 h - 124 arrows (quivered)
Armour
 e - a +0 pair of boots (worn)
 g - a +1 hat of see invisible (worn)
 J - a +1 leather armour of cold resistance (worn)
 K - a +0 cloak (worn)
 T - a +2 pair of gloves of strength (worn)
Jewellery
 f - an uncursed ring of positive energy
 y - an uncursed ring of sustain attributes
 H - the ring of Laegix (right hand) {rF+ MR+ Stlth+}
   (You found it on level 5 of the Dungeon)

   [ring of stealth]

   It protects you from fire.
   It affects your resistance to hostile enchantments.
   It makes you more stealthy.
 Y - the amulet of Limitation (around neck) {Gourm rF+ MR+++ Str-4 Stlth+}
   (You found it on level 10 of the Dungeon)

   [amulet of the gourmand]

   It allows you to eat raw meat even when not hungry.
   It affects your strength (-4).
   It protects you from fire.
   It affects your resistance to hostile enchantments.
   It makes you more stealthy.
 Z - the ring "Yggeseu" (left hand) {SustAt MR- Dex+7}
   (You found it on level 10 of the Dungeon)

   [ring of sustain attributes]

   It sustains your strength, intelligence and dexterity.
   It affects your dexterity (+7).
   It affects your resistance to hostile enchantments.
Wands
 U - a wand of disintegration (6/24)
Scrolls
 b - 2 scrolls of torment {unknown}
 d - 2 scrolls of fog {unknown}
 i - 6 scrolls of teleportation {unknown}
 j - 8 scrolls of remove curse
 k - 2 scrolls of enchant weapon {unknown}
 l - a scroll of enchant armour {unknown}
 m - 2 scrolls of blinking {unknown}
 p - 2 scrolls of immolation {unknown}
 r - 3 scrolls of random uselessness {unknown}
 t - a scroll of summoning {unknown}
 u - a scroll of magic mapping {unknown}
 v - 5 scrolls of fear {unknown}
 D - 9 scrolls of noise {unknown}
 E - 3 scrolls of amnesia {unknown}
 F - a scroll of recharging {unknown}
 O - 4 scrolls of acquirement {unknown}
Potions
 a - 2 potions of cure mutation
 n - 3 potions of curing
 o - a potion of flight
 s - 2 potions of heal wounds
 w - 2 potions of brilliance
 z - a potion of cancellation
 A - 4 potions of agility
 G - 3 potions of might
 Q - 3 potions of haste {unknown}
Miscellaneous
 C - a phial of floods
 L - a disc of storms
Comestibles
 q - 3 beef jerkies
 B - 6 meat rations
 M - 6 bread rations
 W - 20 fruits


   Skills:
 + Level 11.0 Fighting
 * Level 12.9 Polearms
 * Level 10.4 Bows
 + Level 10.7 Armour
 + Level 9.7 Dodging


You had 11 spell levels left.
You didn't know any spells.

Dungeon Overview and Level Annotations

Branches:
Dungeon (10/15)            Temple (0/1) D:4            Lair (4/8) D:10
  Snake (0/4) Lair:3
  Swamp: Lair:3-6    Shoals: Lair:3-6       Orc: D:9-12

Altars:
Ashenzari
Cheibriados
Dithmenos
Elyvilon
Makhleb
Okawaru
Sif Muna
Xom
Yredelemnul
Zin

Shops:
D:4 [   D:8 *


Innate Abilities, Weirdness & Mutations

You reflexively headbutt those who attack you in melee.
You have a pair of horns on your head.


Message History

The spiny frog stings you.
* * * LOW HITPOINT WARNING * * *
You see here a giant frog corpse.
Drink which item? (? for menu, Esc to quit)
Okay, then.
Your skin crawls.
You feel resistant to hostile enchantments.
You feel slightly less full.
You feel sick. The spiny frog completely misses you. You furiously retaliate!
You headbutt the spiny frog.
You feel sick. The spiny frog completely misses you. The spiny frog misses you.
You furiously retaliate!
You headbutt the spiny frog, but do no damage.
There is a stone staircase leading down here.
You are too injured to fight recklessly!
You hit the spiny frog.
You headbutt the spiny frog, but do no damage.
The spiny frog is heavily wounded.
You feel sick. The spiny frog stings you!
You die...

####....##...........P......
###......#..P..........P...
##.......P...♣.......8).....
#.....##.....♣...P8.....8...
##.######....P.....P........
##.# ##...........PP.....P
#..## #.........8.......8..
##...#
##...†F............P..
#...##
#P...@♣..........P8...
##...#
#...........8P........ ##..#
##............P8...... #.P#
#........P........P.P. ####
##............P...P...
##.......♣...........
#....##.♣.♣.......♣.
##.####....♣......## ###
##..........##


You could see a spiny frog.

Vanquished Creatures
  Gastronok (Lair:3)
  A hydra (Lair:4)
  A spriggan (Lair:3)
  A hill giant (D:10)
  Pikel (D:9)
  Joseph (D:10)
  2 black mambas
  5 spiny frogs
  The ghost of wemp the Covert, a novice KoEn (D:3)
  A rime drake (Lair:1)
  3 komodo dragons
  Grinder (D:4)
  9 blink frogs (Lair:3)
  Eustachio (D:6)
  30 yaks
  2 hungry ghosts
  A basilisk (Lair:2)
  3 hippogriffs
  4 water moccasins
  2 hell hounds (D:10)
  5 porcupines
  2 wasps
  2 phantoms
  2 ice beasts
  An ogre (D:7)
  2 centaurs
  6 wolves (Lair:3)
  2 crocodiles
  3 big kobolds
  7 giant frogs
  2 scorpions
  8 killer bees
  2 wights (D:7)
  A howler monkey (D:10)
  2 crimson imps
  A giant frog zombie (D:5)
  4 jellies
  A quasit (D:8)
  5 hounds
  A centaur skeleton (D:10)
  An orc priest (D:8)
  A giant frog skeleton (D:8)
  3 iguanas
  5 worker ants
  8 sheep (Lair:2)
  A hound skeleton (D:7)
  9 gnolls
  10 adders
  33 river rats
  An adder skeleton (D:7)
  An adder zombie (D:5)
  A worm (D:3)
  2 dart slugs
  7 giant geckos
  8 orcs
  5 bats
  3 giant cockroaches
  4 goblins
  5 hobgoblins
  15 jackals
  4 quokkas
  A ball python (D:2)
  4 giant newts
  23 kobolds
  A quokka skeleton (D:4)
  2 rats
  A plant (Lair:1)
289 creatures vanquished.

Vanquished Creatures (others)
  A slave (D:9)
  A gnoll sergeant (D:5)
  A hound (D:5)
  An iguana (D:5)
  An adder (D:5)
  A fungus (Lair:2)
6 creatures vanquished.

Grand Total: 295 creatures vanquished

Notes
Turn   | Place    | Note
--------------------------------------------------------------
     0 | D:1      | nikopol the Minotaur Berserker began the quest for the Orb.
     0 | D:1      | Reached XP level 1. HP: 19/19 MP: 0/0
   318 | D:1      | Reached XP level 2. HP: 24/27 MP: 1/1
   735 | D:2      | Reached skill level 4 in Polearms
   756 | D:2      | Reached XP level 3. HP: 18/33 MP: 2/2
   833 | D:2      | Reached ** piety under Trog
  1289 | D:3      | Noticed wemp's ghost (novice KoEn)
  1307 | D:3      | Killed wemp's ghost
  1307 | D:3      | Reached skill level 5 in Fighting
  1307 | D:3      | Reached skill level 5 in Polearms
  1307 | D:3      | Reached XP level 4. HP: 35/42 MP: 3/3
  1307 | D:3      | Reached XP level 5. HP: 40/48 MP: 4/4
  1307 | D:3      | Reached XP level 6. HP: 47/56 MP: 5/5
  1796 | D:3      | Found a basalt altar of Yredelemnul.
  2025 | D:4      | Noticed Grinder
  2026 | D:4      | Paralysed by Grinder for 6 turns
  2041 | D:4      | Killed Grinder
  2041 | D:4      | Reached skill level 5 in Armour
  2041 | D:4      | Reached XP level 7. HP: 62/62 MP: 6/6
  2125 | D:4      | Found a staircase to the Ecumenical Temple.
  2243 | D:4      | Found a snail-covered altar of Cheibriados.
  2511 | D:4      | Found Rukegewn's Armour Shop.
  2758 | D:4      | Reached skill level 6 in Polearms
  2832 | D:5      | Entered Level 5 of the Dungeon
  2832 | D:5      | Found a shimmering altar of Xom.
  2954 | D:5      | Reached skill level 5 in Dodging
  2996 | D:5      | Identified the Handbook of Nocuous Bewitchment
  3025 | D:5      | Found a shattered altar of Ashenzari.
  3153 | D:5      | Got a coiled lapis lazuli ring
  3154 | D:5      | Identified the ring of Laegix {rF+ MR+ Stlth+} (You found it on level 5 of the Dungeon)
  3188 | D:5      | Found a white marble altar of Elyvilon.
  3191 | D:5      | Found a burning altar of Makhleb.
  3192 | D:5      | Found a shimmering altar of Xom.
  3192 | D:5      | Found a deep blue altar of Sif Muna.
  3235 | D:5      | Reached *** piety under Trog
  3341 | D:5      | Reached XP level 8. HP: 70/71 MP: 7/7
  3685 | D:6      | Noticed Eustachio
  3712 | D:6      | Killed Eustachio
  3843 | D:6      | Found a shadowy altar of Dithmenos.
  4038 | D:6      | Reached skill level 7 in Polearms
  4913 | D:7      | Reached skill level 1 in Bows
  5271 | D:7      | Reached skill level 8 in Polearms
  5271 | D:7      | Reached XP level 9. HP: 68/79 MP: 5/8
  5556 | D:7      | Found an iron altar of Okawaru.
  5744 | D:7      | Reached **** piety under Trog
  6353 | D:8      | Found Pyotostre's Assorted Antiques.
  6650 | D:4      | Bought a +2 pair of gloves of strength for 258 gold pieces
  6979 | D:9      | Reached skill level 9 in Polearms
  7108 | D:9      | Found a glowing silver altar of Zin.
  7272 | D:9      | Noticed Pikel
  7290 | D:9      | Killed Pikel
  7290 | D:9      | Reached skill level 5 in Bows
  7610 | D:9      | Reached XP level 10. HP: 90/90 MP: 6/9
  7704 | D:10     | Entered Level 10 of the Dungeon
  7857 | D:10     | Noticed a hill giant
  7867 | D:10     | Killed a hill giant
  7867 | D:10     | Reached skill level 10 in Polearms
  7926 | D:10     | Got a flickering zirconium amulet
  7949 | D:10     | Got a shimmering glass ring
  8171 | D:10     | Found a staircase to the Lair.
  8233 | D:10     | Noticed Joseph
  8257 | D:10     | Killed Joseph
  8637 | Lair:1   | Entered Level 1 of the Lair of Beasts
  8781 | Lair:1   | Reached ***** piety under Trog
  8823 | Lair:1   | Identified the amulet of Limitation {Gourm rF+ MR+++ Str-4 Stlth+} (You found it on level 10 of the Dungeon)
  8837 | Lair:1   | Identified the ring "Yggeseu" {SustAt MR- Dex+7} (You found it on level 10 of the Dungeon)
  8957 | Lair:1   | Reached skill level 11 in Polearms
  8957 | Lair:1   | Reached XP level 11. HP: 85/99 MP: 10/10
  9036 | Lair:1   | Found a shimmering altar of Xom.
 10731 | Lair:2   | Reached skill level 10 in Fighting
 11097 | Lair:2   | Received a gift from Trog
 11336 | Lair:2   | Reached skill level 10 in Armour
 11579 | Lair:3   | Received a gift from Trog
 11595 | Lair:3   | Found a staircase to the Snake Pit.
 11612 | Lair:3   | Noticed Gastronok
 11650 | Lair:3   | Killed Gastronok
 11650 | Lair:3   | Reached skill level 12 in Polearms
 12241 | Lair:3   | Noticed a spriggan rider
 12251 | Lair:3   | Killed a spriggan rider
 12251 | Lair:3   | Reached XP level 12. HP: 108/108 MP: 11/11
 12545 | Lair:3   | Reached skill level 10 in Bows
 13456 | Lair:3   | Received a gift from Trog
 13737 | Lair:4   | Noticed an eight-headed hydra
 13750 | Lair:4   | Killed an eight-headed hydra
 13769 | Lair:3   | HP: 5/110 [spiny frog (2)]
 13772 | Lair:3   | Mangled by a spiny frog

Skill      XL: |  1  2  3  4  5  6  7  8  9 10 11 12 |
---------------+-------------------------------------+-----
Armour         | 3 4 5 6 7 8 9 10 | 10.7
Polearms       | 4 5 6 8 9 11 12 | 12.9
Fighting       | 5 6 7 8 9 10 11 | 11.0
Dodging        | 3 4 5 6 7 8 9 |  9.7
Bows           | 2 5 7 9 10 | 10.4

Action                   |  1- 3 |  4- 6 |  7- 9 | 10-12 || total
-------------------------+-------+-------+-------+-------++-------
Melee: Spear             |   103 |    37 |    69 |       ||   209
       Headbutt          |     9 |     4 |    57 |   100 ||   170
       Trident           |       |       |   282 |   384 ||   666
 Fire: Shortbow          |       |       |    71 |   257 ||   328
Invok: Berserk           |     1 |     1 |     2 |     5 ||     9
       Burn Spellbooks   |       |       |       |     2 ||     2
       Trog's Hand       |       |       |       |     1 ||     1
  Use: Scroll            |       |       |       |    13 ||    13
 Stab: Sleeping          |       |       |     3 |     6 ||     9
       Distracted        |       |       |       |     1 ||     1
  Eat: Chunk             |     1 |     3 |    20 |    33 ||    57
       Pizza             |       |       |     1 |       ||     1
Armor: Animal skin       |     8 |       |       |       ||     8
       Leather armour    |     3 |     4 |    44 |    47 ||    98
       Ring mail         |       |       |    17 |       ||    17
Dodge: Dodged            |    43 |     8 |   200 |   210 ||   461
